3R
CANONNIERS DE QUEBEC @ CROWLEY CAJUNS
08/01/2033
 
TOP OF THE 1ST
Canonniers de Quebec batting - Pitching for Crowley Cajuns : RHP José Antonio López
Pitching: RHP José Antonio López
Batting: RHB Aron Cruickshank 0-0: SINGLE (Line Drive, 7S)
Batting: RHB Roberto Ortíz 0-0: Ball
Aron Cruickshank steals 2nd base
1-0: Foul Ball, location: 2F
1-1: Swinging Strike
1-2: Strikes out swinging, 2-3 out at first.
Batting: RHB Glenn Curtis 0-0: Ball
1-0: Ball
2-0: Foul Ball, location: 2F
2-1: Fly out, F8 (Line Drive, 89M)
Runner from 2nd tags up, SAFE at 3rd with throw
Batting: RHB Cary Collins 0-0: Called Strike
0-1: Swinging Strike
0-2: Foul Ball, location: 2F
0-2: Strikes out swinging
Top of the 1st over - 0 runs, 1 hit, 0 errors, 1 left on base; Canonniers de Quebec 0 - Crowley 0
BOTTOM OF THE 1ST
Crowley Cajuns batting - Pitching for Canonniers de Quebec : LHP Freddy Campos
Pitching: LHP Freddy Campos
Batting: RHB John Bernard 0-0: Ball
1-0: SINGLE (Groundball, 4) (infield hit)
Batting: RHB Albert Seals 0-0: Ball
1-0: Ball
John Bernard steals 2nd base
2-0: Foul Ball, location: 2F
2-1: SINGLE (Groundball, 6MD)
John Bernard to third
Runner from 3rd tries for Home, SAFE, throw made home
Batting: RHB Lucas Winslade 0-0: Ball
1-0: Ball
Albert Seals steals 2nd base
2-0: Ball
3-0: Ground out 6-3 (Groundball, 6)
Batting: RHB Vaughn White 0-0: Ball
1-0: Ball
2-0: Called Strike
2-1: Foul Ball, location: 2F
2-2: Strikes out looking
Batting: RHB Dane Bernstine 0-0: Swinging Strike
0-1: Called Strike
0-2: Strikes out swinging
Bottom of the 1st over - 1 run, 2 hits, 0 errors, 1 left on base; Canonniers de Quebec 0 - Crowley 1
TOP OF THE 2ND
Canonniers de Quebec batting - Pitching for Crowley Cajuns : RHP José Antonio López
Batting: RHB Mei-shio Lan 0-0: Ball
1-0: Ball
2-0: Swinging Strike
2-1: Foul Ball, location: 2F
2-2: Ball
3-2: Strikes out swinging
Batting: RHB Richard Clemmet 0-0: Ball
1-0: SINGLE (Groundball, 34D)
Batting: LHB Maik Zoepfel 0-0: Called Strike
0-1: Foul Ball, location: 2F
0-2: Strikes out looking
Batting: RHB Spencer Wiggins 0-0: Called Strike
0-1: Ball
1-1: Swinging Strike
1-2: Foul Ball, location: 2F
1-2: Strikes out swinging
Top of the 2nd over - 0 runs, 1 hit, 0 errors, 1 left on base; Canonniers de Quebec 0 - Crowley 1
BOTTOM OF THE 2ND
Crowley Cajuns batting - Pitching for Canonniers de Quebec : LHP Freddy Campos
Batting: RHB Timo Zwiefelhofer 0-0: Called Strike
0-1: Ball
1-1: Ball
2-1: Foul Ball, location: 2F
2-2: SOLO HOME RUN (Flyball, 7LD), Distance : 359 ft
Batting: LHB José Soriano 0-0: Ground out 4-3 (Groundball, 4S)
Batting: RHB Porter Ware 0-0: Foul Ball, location: 2F
0-1: Foul Ball, location: 2F
0-2: Ball
1-2: Strikes out swinging
Batting: RHB Stephen Warren 0-0: SINGLE (Line Drive, 6M)
Batting: RHB John Bernard 0-0: Called Strike
0-1: Ball
1-1: Ball
2-1: Ball
3-1: Swinging Strike
3-2: Foul Ball, location: 2F
3-2: Foul Ball, location: 2F
3-2: Base on Balls
Stephen Warren to second
Batting: RHB Albert Seals 0-0: Ball
1-0: Foul Ball, location: 2F
1-1: Ball
Passed Ball!
Stephen Warren to third
John Bernard to second
2-1: Foul Ball, location: 2F
2-2: Ball
3-2: Strikes out looking
Bottom of the 2nd over - 1 run, 2 hits, 0 errors, 2 left on base; Canonniers de Quebec 0 - Crowley 2
TOP OF THE 3RD
Canonniers de Quebec batting - Pitching for Crowley Cajuns : RHP José Antonio López
Batting: LHB Joaquín Vera 0-0: Swinging Strike
0-1: Ball
1-1: SINGLE (Groundball, 4D)
Batting: RHB Aron Cruickshank 0-0: Called Strike
0-1: Ball
1-1: Foul Ball, location: 2F
1-2: Fly out, F6 (Popup, 6MD)
Batting: RHB Roberto Ortíz 0-0: Foul Ball, location: 2F
0-1: Swinging Strike
0-2: Fielders Choice at 2nd, 6-4 (Groundball, 6M)
Batting: RHB Glenn Curtis 0-0: Called Strike
0-1: Ball
1-1: Ball
2-1: Ground out 4-3 (Groundball, 4)
Top of the 3rd over - 0 runs, 1 hit, 0 errors, 1 left on base; Canonniers de Quebec 0 - Crowley 2
BOTTOM OF THE 3RD
Crowley Cajuns batting - Pitching for Canonniers de Quebec : LHP Freddy Campos
Batting: RHB Lucas Winslade 0-0: Ball
1-0: Swinging Strike
1-1: Foul Ball, location: 2F
1-2: Foul Ball, location: 2F
1-2: Ball
2-2: Ball
3-2: Strikes out swinging
Pitching: RHP Ernest Brock
Batting: RHB Vaughn White 0-0: Ball
1-0: Foul Ball, location: 2F
1-1: Ball
2-1: Fly out, F9 (Flyball, 9D)
Batting: RHB Dane Bernstine 0-0: Foul Ball, location: 2F
0-1: Ground out 4-3 (Groundball, 4)
Bottom of the 3rd over - 0 runs, 0 hits, 0 errors, 0 left on base; Canonniers de Quebec 0 - Crowley 2
TOP OF THE 4TH
Canonniers de Quebec batting - Pitching for Crowley Cajuns : RHP José Antonio López
Batting: RHB Cary Collins 0-0: Ground out 6-3 (Groundball, 6)
Batting: RHB Mei-shio Lan 0-0: Swinging Strike
0-1: Ball
1-1: Foul Ball, location: 2F
1-2: Ball
2-2: Reached on error, E3 (Groundball, 34)
Batting: RHB Richard Clemmet Pickoff Throw to First - Out!
0-0: Ball
1-0: Ball
2-0: Called Strike
2-1: SINGLE (Groundball, 4MD)
Batting: LHB Maik Zoepfel 0-0: Ball
1-0: Called Strike
1-1: Swinging Strike
1-2: Strikes out swinging
Top of the 4th over - 0 runs, 1 hit, 1 error, 1 left on base; Canonniers de Quebec 0 - Crowley 2
BOTTOM OF THE 4TH
Crowley Cajuns batting - Pitching for Canonniers de Quebec : RHP Ernest Brock
Batting: RHB Timo Zwiefelhofer 0-0: Foul Ball, location: 2F
0-1: Ball
1-1: Ground out 5-3 (Groundball, 56)
Batting: LHB José Soriano 0-0: Ball
1-0: Called Strike
1-1: Ball
2-1: Ball
3-1: Foul Ball, location: 2F
3-2: Base on Balls
Batting: RHB Porter Ware 0-0: Called Strike
0-1: Ball
1-1: SINGLE (Flyball, 8LS)
José Soriano to second
Batting: RHB Stephen Warren 0-0: Fly out, F6 (Line Drive, 6)
Batting: RHB John Bernard 0-0: Foul Ball, location: 2F
0-1: Fly out, F8 (Line Drive, 8LD)
Bottom of the 4th over - 0 runs, 1 hit, 0 errors, 2 left on base; Canonniers de Quebec 0 - Crowley 2
TOP OF THE 5TH
Canonniers de Quebec batting - Pitching for Crowley Cajuns : RHP José Antonio López
Batting: RHB Spencer Wiggins 0-0: Swinging Strike
0-1: Ball
1-1: Ball
2-1: Ball
3-1: Swinging Strike
3-2: Foul Ball, location: 2F
3-2: Fly out, F8 (Line Drive, 8RD)
Batting: LHB Joaquín Vera 0-0: Ball
1-0: SINGLE (Line Drive, 89S)
Batting: RHB Aron Cruickshank 0-0: Called Strike
0-1: Ball
1-1: Called Strike
1-2: Foul Ball, location: 2F
1-2: Foul Ball, location: 2F
1-2: Strikes out swinging
Batting: RHB Roberto Ortíz 0-0: Ball
1-0: Ground out 6-3 (Groundball, 56)
Top of the 5th over - 0 runs, 1 hit, 0 errors, 1 left on base; Canonniers de Quebec 0 - Crowley 2
BOTTOM OF THE 5TH
Crowley Cajuns batting - Pitching for Canonniers de Quebec : RHP Ernest Brock
Batting: RHB Albert Seals 0-0: Swinging Strike
0-1: Ball
1-1: Ground out 4-3 (Groundball, 4)
Batting: RHB Lucas Winslade 0-0: Ball
1-0: Ball
2-0: Ball
3-0: Called Strike
3-1: Ground out 4-3 (Groundball, 4)
Batting: RHB Vaughn White 0-0: Foul Ball, location: 2F
0-1: Ball
1-1: Swinging Strike
1-2: Ball
2-2: Fly out, F7 (Flyball, 7LDF)
Bottom of the 5th over - 0 runs, 0 hits, 0 errors, 0 left on base; Canonniers de Quebec 0 - Crowley 2
TOP OF THE 6TH
Canonniers de Quebec batting - Pitching for Crowley Cajuns : RHP José Antonio López
Batting: RHB Glenn Curtis 0-0: Called Strike
0-1: Ball
1-1: Ball
2-1: Foul Ball, location: 2F
2-2: Fly out, F9 (Flyball, 9D)
Batting: RHB Cary Collins 0-0: Ball
1-0: Ball
2-0: Foul Ball, location: 2F
2-1: Ball
3-1: Base on Balls
Batting: RHB Mei-shio Lan 0-0: Called Strike
0-1: Foul Ball, location: 2F
0-2: Hit by Pitch
Cary Collins to second
Batting: RHB Richard Clemmet 0-0: Ball
1-0: Called Strike
1-1: Ball
2-1: Swinging Strike
2-2: Strikes out looking
Batting: LHB Maik Zoepfel 0-0: Ball
1-0: Called Strike
1-1: Ground out 4-3 (Groundball, 4)
Top of the 6th over - 0 runs, 0 hits, 0 errors, 2 left on base; Canonniers de Quebec 0 - Crowley 2
BOTTOM OF THE 6TH
Crowley Cajuns batting - Pitching for Canonniers de Quebec : RHP Ernest Brock
Batting: RHB Dane Bernstine 0-0: Called Strike
0-1: Ball
1-1: Ball
2-1: Foul Ball, location: 2F
2-2: Strikes out swinging
Batting: RHB Timo Zwiefelhofer 0-0: Ball
1-0: Ball
2-0: Ball
3-0: Called Strike
3-1: Swinging Strike
3-2: Reached on error, E5 (Groundball, 56S)
Batting: LHB José Soriano 0-0: Ball
1-0: Called Strike
1-1: Ball
2-1: Ball
3-1: Base on Balls
Timo Zwiefelhofer to second
Pitching: RHP Keith Wells
Batting: RHB Porter Ware 0-0: Ball
1-0: Ball
2-0: Fly out, F9 (Flyball, 9LS)
Batting: RHB Stephen Warren 0-0: Fly out, F6 (Flyball, 56D)
Bottom of the 6th over - 0 runs, 0 hits, 1 error, 2 left on base; Canonniers de Quebec 0 - Crowley 2
TOP OF THE 7TH
Canonniers de Quebec batting - Pitching for Crowley Cajuns : RHP José Antonio López
Batting: RHB Spencer Wiggins 0-0: Fly out, F9 (Flyball, 89M)
Batting: LHB Joaquín Vera 0-0: DOUBLE (Line Drive, 8RD)
Batting: RHB Aron Cruickshank 0-0: Foul Ball, location: 2F
0-1: Ball
1-1: Called Strike
1-2: Foul Ball, location: 2F
1-2: Ball
2-2: Foul Ball, location: 2F
2-2: Strikes out swinging
Batting: RHB Roberto Ortíz 0-0: Ball
1-0: Swinging Strike
1-1: Swinging Strike
1-2: Ground out 4-3 (Groundball, 4)
Top of the 7th over - 0 runs, 1 hit, 0 errors, 1 left on base; Canonniers de Quebec 0 - Crowley 2
BOTTOM OF THE 7TH
Crowley Cajuns batting - Pitching for Canonniers de Quebec : RHP Keith Wells
Batting: RHB John Bernard 0-0: SOLO HOME RUN (Flyball, 7LD), Distance : 364 ft
Batting: RHB Albert Seals 0-0: Called Strike
0-1: Called Strike
0-2: Ball
1-2: Ball
2-2: Ball
3-2: Base on Balls
Batting: RHB Lucas Winslade 0-0: Called Strike
0-1: Swinging Strike
0-2: Fly out, F8 (Flyball, 8RM)
Batting: RHB Vaughn White 0-0: Ball
1-0: Called Strike
1-1: Fly out, F7 (Flyball, 7S)
Batting: RHB Dane Bernstine 0-0: Called Strike
0-1: Foul Ball, location: 2F
0-2: Fly out, F6 (Popup, 6)
Bottom of the 7th over - 1 run, 1 hit, 0 errors, 1 left on base; Canonniers de Quebec 0 - Crowley 3
TOP OF THE 8TH
Canonniers de Quebec batting - Pitching for Crowley Cajuns : RHP José Antonio López
Now at C: Vitorio Flores
Batting: RHB Glenn Curtis 0-0: Called Strike
0-1: Ball
1-1: Swinging Strike
1-2: Strikes out swinging
Batting: RHB Cary Collins 0-0: Called Strike
0-1: Ground out 5-3 (Groundball, 56)
Batting: RHB Mei-shio Lan 0-0: Ball
1-0: Called Strike
1-1: Called Strike
1-2: Foul Ball, location: 2F
1-2: Ball
2-2: Foul Ball, location: 2F
2-2: Fly out, F7 (Flyball, 7D)
Top of the 8th over - 0 runs, 0 hits, 0 errors, 0 left on base; Canonniers de Quebec 0 - Crowley 3
BOTTOM OF THE 8TH
Crowley Cajuns batting - Pitching for Canonniers de Quebec : RHP Keith Wells
Batting: RHB Timo Zwiefelhofer 0-0: Ball
1-0: Ball
2-0: Called Strike
2-1: Swinging Strike
2-2: Strikes out swinging
Batting: LHB José Soriano 0-0: Foul Ball, location: 2F
0-1: Called Strike
0-2: Foul Ball, location: 2F
0-2: Foul Ball, location: 2F
0-2: Strikes out looking
Batting: RHB Porter Ware 0-0: Ball
1-0: Called Strike
1-1: Foul Ball, location: 2F
1-2: Foul Ball, location: 2F
1-2: Strikes out swinging
Bottom of the 8th over - 0 runs, 0 hits, 0 errors, 0 left on base; Canonniers de Quebec 0 - Crowley 3
TOP OF THE 9TH
Canonniers de Quebec batting - Pitching for Crowley Cajuns : RHP José Antonio López
Now at 2B: Levi Steenbergen
Batting: RHB Richard Clemmet 0-0: Ball
1-0: Ground out 6-3 (Groundball, 6D)
Batting: LHB Maik Zoepfel 0-0: Ball
1-0: Foul Ball, location: 2F
1-1: Ball
2-1: Ball
3-1: Foul Ball, location: 2F
3-2: SINGLE (Groundball, 4D)
Pitching: RHP Júlio Antunez
Batting: RHB Spencer Wiggins 0-0: Ball
1-0: Fly out, F8 (Flyball, 8RS)
Batting: LHB Joaquín Vera 0-0: Fly out, F9 (Flyball, 9)
Top of the 9th over - 0 runs, 1 hit, 0 errors, 1 left on base; Canonniers de Quebec 0 - Crowley 3
Saturday, December 22nd, 2018 - OOTP Baseball 18.8 Build 76